 Dungeon Crawl Stone Soup version 0.27.1-4-g1640c2035a (webtiles) character file.

Game seed: 18417510588179321933

21 Stomo444 the Gusty (level 2, 0/14 HPs)
             Began as a Vine Stalker Air Elementalist on Nov 12, 2021.
             Slain by an adder (1 damage)
             ... on level 1 of the Dungeon.
             The game lasted 00:01:10 (1111 turns).

Stomo444 the Gusty (Vine Stalker Air Elementalist)  Turns: 1111, Time: 00:01:11

Health: 0/14       AC:  2    Str: 10    XL:     2   Next: 83%
Magic:  0/6        EV: 12    Int: 15    God:
Gold:   68         SH:  0    Dex: 14    Spells: 4/5 levels left

rFire    . . .     SeeInvis .   c - +0 dagger
rCold    . . .     Faith    .   (no shield)
rNeg     . . .     Spirit   +   a - +0 robe
rPois    .         Reflect  .   (no helmet)
rElec    .         Harm     .   (no cloak)
rCorr    .         Rampage  .   (no gloves)
Will     .....                  (no boots)
Stlth    ++........             (no amulet)
HPRegen  0.04/turn              (no ring)
MPRegen  0.10/turn              (no ring)

@: no status effects
A: fangs 2, magic shield, antimagic bite, no potion heal 2
a: no special abilities


You were on level 1 of the Dungeon.
You visited 1 branch of the dungeon, and saw 2 of its levels.

You collected 68 gold pieces.

Inventory:

Hand Weapons
 c - a +0 dagger (weapon)
Armour
 a - a +0 robe (worn)
Scrolls
 b - 3 scrolls of silence {unknown}
 d - a scroll of identify {unknown}
 g - a scroll of holy word {unknown}
 h - a scroll of enchant weapon {unknown}
Potions
 e - a potion of lignification {unknown}
 f - a potion of flight {unknown}


   Skills:
 + Level 0.7 Fighting
 + Level 1.8 Dodging
 - Level 2.4 Stealth
 + Level 2.4 Spellcasting
 + Level 1.4 Conjurations
 + Level 3.2 Air Magic


You had 4 spell levels left.
You knew the following spells:

 Your Spells              Type           Power      Damage    Failure   Level
a - Shock                 Conj/Air       32%        1d5       9%          1

Your spell library contained the following spells:

 Spells                   Type           Power      Damage    Failure   Level
 Static Discharge         Conj/Air       8%         N/A       12%         2
 Swiftness                Air            11%        N/A       17%         3
 Airstrike                Air            5%         N/A       50%         4


Dungeon Overview and Level Annotations

Branches:
Dungeon (2/15)

Altars:


Innate Abilities, Weirdness & Mutations

You have extremely sharp teeth.
When hurt, damage is shared between your health and your magic reserves.
Your bite disrupts and absorbs the magic of your enemies.
Potions cannot restore your health.


Message History

The adder is severely wounded.
Casting: Shock (safe; 9% risk of failure)
Confirm with . or Enter, or press ? or * to list all spells.
Aiming: Shock (safe; 9% risk of failure)
Press: ? - help, Shift-Dir - straight line, f - hound
Aim: a hound (moderately wounded, 56% to hit)
The zap hits the hound.
The hound is heavily wounded.
Casting: Shock (safe; 9% risk of failure)
Confirm with . or Enter, or press ? or * to list all spells.
You don't have enough magic to cast this spell.
Unknown command.
Casting: Shock (safe; 9% risk of failure)
Confirm with . or Enter, or press ? or * to list all spells.
Aiming: Shock (safe; 9% risk of failure)
Press: ? - help, Shift-Dir - straight line, f/p - hound
Aim: a hound (heavily wounded, 56% to hit)
Okay, then.
The adder bites you. The hound closely misses you.
There is a stone staircase leading up here.
The adder bites you.
You are poisoned.
The adder poisons you! The hound closely misses you. The adder misses you.
You climb upwards.
You feel sick.
There is a stone staircase leading down here.
You feel sick. The hound bites you but does no damage.
There is a staircase leading out of the dungeon here.
You feel sick.
You feel sick. The hound bites you.
* * * LOW HITPOINT WARNING * * *
* * * LOW HITPOINT WARNING * * *
You feel sick.
You are no longer poisoned.
The adder misses you. The hound closely misses you.
Unknown command.
Unknown command.
The hound barely misses you. The adder bites you.
You die...

#..........#.####.##.#.#.#....
#..........#.####.##.#.#.#####
#..)(......#....#.##.#.#......
#..........####.#.##.#.######.
#.................##.#.# #.
###########'#.......###.#.######.
............#######..##.#........
.....................##.#########
.........##.....@.)..##..........
.........##....hS...#############
..##............##.....#
..##............##.....#
.........(.............#
.......................#
#.........<........##..#
#........>.........##..#
.......................#


You could see a hound and an adder.

Vanquished Creatures
  A dart slug (D:1)
  5 ball pythons
  2 bats (D:1)
  2 endoplasms (D:1)
  2 giant cockroaches
  A hobgoblin (D:1)
  2 frilled lizards (D:1)
  2 goblins
  2 rats (D:1)
19 creatures vanquished.

Notes
Turn   | Place    | Note
-------+----------+-------------------------------------------
     0 | D:1      | Stomo444 the Vine Stalker Air Elementalist began the quest
                  | for the Orb.
     0 | D:1      | Reached XP level 1. HP: 9/9 MP: 4/4
   311 | D:1      | Reached XP level 2. HP: 14/14 MP: 3/6
   450 | D:1      | Found a faded altar of an unknown god.
  1111 | D:1      | Slain by an adder

Illustrated notes

Levels and vault maps discovered:
D:1:      dpeg_arrival_stonehenge_8_columns, layout_basic,
          shapermc_ecumenical_altar_mp_highgroup
D:2:      layout_basic

Action                   || total
-------------------------++-------
Melee: Dagger            ||     7
 Cast: Shock             ||    36
Armor: Robe              ||     2
Dodge: Dodged            ||    14
